 Dungeon Crawl Stone Soup version 0.29.1-2-gbd0b4ee654 (webtiles) character file.

Game seed: 8738313565083143406

426 mortz the Cudgeller (level 6, -1/38 HPs)
             Began as a Gargoyle Monk on Nov 3, 2022.
             Slain by an ogre
             ... wielding a +0 giant club
              (11 damage)
             ... on level 4 of the Dungeon.
             The game lasted 00:09:12 (3595 turns).

mortz the Cudgeller (Gargoyle Monk)                 Turns: 3595, Time: 00:09:12

Health: -1/38      AC: 13    Str: 16    XL:     6   Next: 97%
Magic:  6/6        EV:  7    Int: 11    God:
Gold:   139        SH:  0    Dex: 12    Spells: 5/5 levels left

rFire   . . .      SeeInvis .   a - +0 mace
rCold   . . .      Faith    .   (no shield)
rNeg    + . .      Spirit   .   h - +0 chain mail
rPois   ∞          Reflect  .   (no helmet)
rElec   +          Harm     .   (no cloak)
rCorr   .          Rampage  .   (no gloves)
Will    .....                   (no boots)
Stlth   ..........              (no amulet)
HPRegen 0.12/turn               (no ring)
MPRegen 0.10/turn               (no ring)

@: no status effects
A: sickness immunity, AC +4, negative energy resistance 1, electricity
resistance, torment resistance 1, petrification resistance
a: no special abilities


You were on level 4 of the Dungeon.
You visited 1 branch of the dungeon, and saw 4 of its levels.

You collected 139 gold pieces.

Inventory:

Hand Weapons
 a - a +0 mace (weapon)
 c - a +0 spear
 e - a +0 mace
 v - a +0 long sword
 w - a +0 hand axe
Missiles
 o - 5 atropa-tipped darts (quivered)
 p - 9 stones
Armour
 h - a +0 chain mail (worn)
Wands
 t - a wand of mindburst (19)
Scrolls
 b - 5 scrolls of identify {unknown}
 d - a scroll of teleportation {unknown}
 i - a scroll of magic mapping {unknown}
 j - a scroll of fear {unknown}
 k - 2 scrolls of amnesia {unknown}
 n - 2 scrolls of enchant weapon {unknown}
 r - a scroll of silence {unknown}
 u - a scroll of poison {unknown}
Potions
 f - a potion of attraction {unknown}
 g - 2 potions of resistance {unknown}
 l - 2 potions of heal wounds {unknown}
 m - a potion of invisibility {unknown}
 q - a potion of curing {unknown}
 s - a potion of brilliance {unknown}


   Skills:
 + Level 4.1 Fighting
 + Level 5.6 Maces & Flails
 + Level 0.4 Throwing
 + Level 3.7 Armour
 + Level 3.0 Dodging
 + Level 2.2 Stealth


You had 5 spell levels left.
You didn't know any spells.
Your spell library contained the following spells:

 Spells                   Type           Power      Damage    Failure   Level
 Magic Dart               Conj           0%         1d3       99%         1
 Necrotise                Necr           0%         1d4       99%         1
 Call Imp                 Summ           0%         N/A       100%        2
 Dazzling Flash           Conj/Hex       0%         N/A       100%        3
 Frozen Ramparts          Ice            0%         1d1       100%        3
 Gell's Gravitas          Tloc           0%         N/A       100%        3
 Mephitic Cloud           Conj/Pois/Air  0%         N/A       100%        3
 Ozocubu's Armour         Ice            0%         N/A       100%        3
 Teleport Other           Tloc           0%         N/A       100%        3
 Vampiric Draining        Necr           0%         2d6       100%        3
 Ice Form                 Ice/Tmut       0%         N/A       100%        4
 Summon Ice Beast         Ice/Summ       0%         N/A       100%        4
 Agony                    Necr           0%         N/A       100%        5
 Silence                  Hex/Air        0%         N/A       100%        5
 Dispersal                Tloc           0%         N/A       100%        6
 Ozocubu's Refrigeration  Ice            0%         4d7       100%        7


Dungeon Overview and Level Annotations

Branches:
Dungeon (4/15) Zot: 20358
 Temple: D:4-7

Altars:
Wu Jian

Annotations:
D:4 2 transporters, deadpool521's ghost, amateur DrCA


Innate Abilities, Weirdness & Mutations

You are immune to sickness and miasma.
Your stone body is resilient. (AC +4)
You are immune to poison.
You resist negative energy. (rN+)
You are resistant to electric shocks. (rElec)
You are resistant to unholy torment.
You are immune to petrification.


Message History

The phantom is almost destroyed.
You hit the phantom.
The phantom is almost destroyed.
You barely miss the phantom.
The phantom is almost destroyed.
The phantom barely misses you.
You hit the phantom.
You destroy the phantom!
No target in view!
You now have 139 gold pieces (gained 17).
Found a stone staircase leading down.
There is a stone staircase leading down here.
Found a hand axe.
Found a stone staircase leading down.
You see here a +0 hand axe.
w - a +0 hand axe An ogre comes into view.
It is wielding a +0 giant club.
The ogre shouts!
You barely miss the ogre. The ogre barely misses you.
You barely miss the ogre. You barely miss the ogre. The ogre barely misses you.
You hit the ogre.
The ogre is lightly wounded.
The ogre hits you with a +0 giant club.
You hit the ogre.
The ogre is moderately wounded.
The ogre hits you with a +0 giant club!
You sock the ogre!
The ogre is heavily wounded.
You barely miss the ogre.
The ogre is heavily wounded.
The ogre hits you with a +0 giant club!
* * * LOW HITPOINT WARNING * * *
You hit the ogre but do no damage.
The ogre is heavily wounded.
The ogre closely misses you.
You hit the ogre.
The ogre is severely wounded.
The ogre hits you with a +0 giant club!
You die...

#.#.###############
#............>.....
###.###############
#.# # #.# # #.# #
#.# # #.####.#
#...O@.# ######.#
###


You could see an ogre.

Vanquished Creatures
  A phantom (D:4)
  A scorpion (D:3)
  4 wights (D:4)
  A jelly (D:4)
  An adder (D:2)
  2 worms (D:2)
  2 endoplasms (D:1)
  6 giant cockroaches
  6 goblins
  3 hobgoblins
  2 jackals (D:3)
  A quokka (D:3)
  4 bats
  6 frilled lizards
  3 kobolds
  6 rats
49 creatures vanquished.

Vanquished Creatures (others)
  4 fungi (D:1)
  7 plants (D:1)
11 creatures vanquished.

Grand Total: 60 creatures vanquished

Notes
Turn   | Place    | Note
-------+----------+-------------------------------------------
     0 | D:1      | mortz the Gargoyle Monk began the quest for the Orb.
     0 | D:1      | Reached XP level 1. HP: 14/14 MP: 1/1
   918 | D:1      | Found a faded altar of an unknown god.
  1037 | D:1      | Reached XP level 2. HP: 17/19 MP: 2/2
  1512 | D:2      | Reached XP level 3. HP: 18/23 MP: 3/3
  2199 | D:3      | Reached skill level 1 in Armour
  2208 | D:3      | Noticed a scorpion
  2234 | D:3      | Killed a scorpion
  2235 | D:3      | Reached skill level 4 in Maces & Flails
  2235 | D:3      | Reached XP level 4. HP: 22/29 MP: 4/4
  2419 | D:3      | Reached XP level 5. HP: 33/33 MP: 5/5
  2568 | D:3      | Found an ornate altar of the Wu Jian Council.
  2954 | D:4      | Found a transporter.
  2957 | D:4      | Noticed an ogre
  2958 | D:4      | Noticed deadpool521's ghost (amateur DrCA)
  2974 | D:4      | Identified the +2 giant club "Vosiax" {venom, rElec rC+}
  2974 | D:4      | Noticed an ogre
  2984 | D:4      | Reached skill level 5 in Maces & Flails
  2984 | D:4      | Reached XP level 6. HP: 12/38 MP: 6/6
  3208 | D:4      | Found a transporter.
  3595 | D:4      | Slain by an ogre

Illustrated notes

Levels and vault maps discovered:
D:1:      lightli_arrival_boilingwater, layout_basic,
          shapermc_ecumenical_altar_mp_ritualfount
D:2:      layout_basic
D:3:      layout_rooms, mainiacjoe_overflow_concentric_impassable,
          minmay_misc_feat_roman
D:4:      layout_basic, mainiacjoe_overflow_big_doors, gammafunk_ghost_smash,
          serial_shops, shop

Skill      XL: |  1  2  3  4  5  6 |
---------------+-------------------+-----
Armour         | 1 2 3 |  3.7
Maces & Flails | 4 5 |  5.6
Fighting       | 4 |  4.1
Dodging        | 3 |  3.0
Throwing       | |  0.4
Stealth        | |  2.2

Action                   |  1- 3 |  4- 6 || total
-------------------------+-------+-------++-------
Melee: Mace              |   126 |    74 ||   200
       Punch             |     1 |       ||     1
Throw: Stone             |     4 |       ||     4
       Dart              |     3 |       ||     3
  Use: Potion            |     1 |       ||     1
Armor: Chain mail        |    91 |    35 ||   126
       Robe              |     2 |       ||     2
Dodge: Dodged            |    38 |    22 ||    60
